A+ - U26
TAMPA TARPONS @ WINSTON-SALEM DASH
05/24/2052
 
TOP OF THE 1ST
Martinez Clippers batting - Pitching for Temecula Udder Tuggers : RHP Woodie Washington
Pitching: RHP Woodie Washington
Batting: LHB Isaiah Lovett 0-0: DOUBLE (Line Drive, 9LM, EV 86.3 MPH)
Batting: RHB Jimmy Dressman 0-0: Called Strike
0-1: Ground out 5-3 (Groundball, 5L, EV 78.8 MPH)
Isaiah Lovett to third
Batting: LHB Michael Freeman 0-0: Called Strike
0-1: SINGLE (Line Drive, 3D, EV 65.0 MPH)
Isaiah Lovett scores
Batting: LHB Jeremy McCray 0-0: Fly out, F8 (Flyball, 78D, EV 98.1 MPH)
Batting: LHB Eugene Angelis 0-0: Ball
Wild Pitch!
Michael Freeman to second
1-0: Foul Ball, location: 2LF
1-1: Foul Ball, location: 23F
1-2: Strikes out swinging
Top of the 1st over - 1 run, 2 hits, 0 errors, 1 left on base; Martinez 1 - Temecula 0
BOTTOM OF THE 1ST
Temecula Udder Tuggers batting - Pitching for Martinez Clippers : RHP Yorkis Peña
Pitching: RHP Yorkis Peña
Batting: LHB Francisco Valdez 0-0: Foul Ball, location: 25F
0-1: Ball
1-1: Bunt missed!
1-2: SINGLE (Line Drive, 89S, EV 108.1 MPH)
Batting: RHB Royce Belcher 0-0: Foul Ball, location: 9LSF
0-1: Reached on error, E5 (Groundball, 56, EV 102.5 MPH)
Francisco Valdez to second
Batting: SHB Pete Crader 0-0: Called Strike
0-1: Foul Ball, location: 3DF
0-2: Ball
1-2: Strikes out swinging
Batting: LHB Micah Chaplin 0-0: Ball
1-0: Ball
2-0: DOUBLE (Line Drive, 7LS, EV 94.4 MPH)
Francisco Valdez scores
Royce Belcher to third
Runner from 3rd tries for Home, SAFE, throw by LF to home
Batting: LHB Karim Almestica 0-0: Ball
1-0: Foul Ball, location: 2F
1-1: Ball
2-1: Ball
3-1: Foul Ball, location: 23FF
3-2: Base on Balls
Batting: SHB Hugo Fernández 0-0: Ball
1-0: Fly out, F8 (Line Drive, 89D, EV 94.4 MPH)
Batting: LHB Ismael Garufo 0-0: Ball
1-0: Ball
2-0: Ball
3-0: Base on Balls
Micah Chaplin to third
Karim Almestica to second
Batting: RHB Melquiades Del Rico 0-0: Ball
1-0: Called Strike
1-1: Foul Ball, location: 2F
1-2: Fly out, F6 (Popup, 6MD, EV 75.0 MPH)
Bottom of the 1st over - 2 runs, 2 hits, 1 error, 3 left on base; Martinez 1 - Temecula 2
TOP OF THE 2ND
Martinez Clippers batting - Pitching for Temecula Udder Tuggers : RHP Woodie Washington
Batting: RHB Lee Baltazar 0-0: Called Strike
0-1: Foul Ball, location: 9LSF
0-2: Ground out 4-3 (Groundball, 4, EV 99.4 MPH)
Batting: SHB Colm Hernandaz 0-0: Foul Ball, location: 3F
0-1: Swinging Strike
0-2: Ball
1-2: Strikes out swinging
Batting: LHB Liam Moore 0-0: Ball
1-0: Ball
2-0: SINGLE (Flyball, 5D, EV 87.5 MPH)
Batting: LHB Thomas O'Grady 0-0: Called Strike
0-1: Ball
1-1: Ball
2-1: Called Strike
2-2: SINGLE (Groundball, 6M, EV 108.1 MPH)
Liam Moore to second
Throwing error, E8
Liam Moore scores
Thomas O'Grady to second
Batting: LHB Isaiah Lovett 0-0: Ball
1-0: Ball
2-0: Ball
3-0: Called Strike
3-1: Called Strike
3-2: Fly out, F4 (Popup, 4MD, EV 66.9 MPH)
Top of the 2nd over - 1 run, 2 hits, 1 error, 1 left on base; Martinez 2 - Temecula 2
BOTTOM OF THE 2ND
Temecula Udder Tuggers batting - Pitching for Martinez Clippers : RHP Yorkis Peña
Batting: RHB Javy González 0-0: Called Strike
0-1: Foul Ball, location: 2F
0-2: Ball
1-2: Strikes out swinging
Batting: LHB Francisco Valdez 0-0: Foul Ball, location: 7LDF
0-1: Ground out 6-3 (Groundball, 6, EV 83.8 MPH)
Batting: RHB Royce Belcher 0-0: Ground out 5-3 (Groundball, 56S, EV 79.4 MPH)
Bottom of the 2nd over - 0 runs, 0 hits, 0 errors, 0 left on base; Martinez 2 - Temecula 2
TOP OF THE 3RD
Martinez Clippers batting - Pitching for Temecula Udder Tuggers : RHP Woodie Washington
Batting: RHB Jimmy Dressman 0-0: Called Strike
0-1: Ball
1-1: SINGLE (Line Drive, 34D, EV 97.5 MPH)
Batting: LHB Michael Freeman 0-0: Ball
1-0: Called Strike
1-1: Ball
2-1: Foul Ball, location: 2F
2-2: Strikes out swinging
Batting: LHB Jeremy McCray 0-0: Called Strike
0-1: Swinging Strike
0-2: Ball
1-2: Fly out, F7 (Flyball, 78M, EV 85.6 MPH)
Batting: LHB Eugene Angelis 0-0: Called Strike
0-1: Ball
1-1: Fly out, F9 (Flyball, 89S, EV 96.9 MPH)
Top of the 3rd over - 0 runs, 1 hit, 0 errors, 1 left on base; Martinez 2 - Temecula 2
BOTTOM OF THE 3RD
Temecula Udder Tuggers batting - Pitching for Martinez Clippers : RHP Yorkis Peña
Batting: SHB Pete Crader 0-0: Ball
1-0: Foul Ball, location: 2F
1-1: Swinging Strike
1-2: Ground out 4-3 (Groundball, 4, EV 78.8 MPH)
Batting: LHB Micah Chaplin 0-0: Ball
1-0: Foul Ball, location: 2F
1-1: Ball
2-1: Ball
3-1: Called Strike
3-2: Base on Balls
Batting: LHB Karim Almestica 0-0: Ball
1-0: Fly out, F8 (Flyball, 8LM, EV 88.8 MPH)
Batting: SHB Hugo Fernández 0-0: Swinging Strike
0-1: Called Strike
Micah Chaplin is caught stealing 2nd base 2-6
Bottom of the 3rd over - 0 runs, 0 hits, 0 errors, 0 left on base; Martinez 2 - Temecula 2
TOP OF THE 4TH
Martinez Clippers batting - Pitching for Temecula Udder Tuggers : RHP Woodie Washington
Batting: RHB Lee Baltazar 0-0: Foul Ball, location: 2F
0-1: Ball
1-1: Ball
2-1: SINGLE (Groundball, 6, EV 91.3 MPH)
Batting: SHB Colm Hernandaz 0-0: Ball
1-0: Ball
2-0: Sac Bunt to 15S - play at first, batter OUT! 1-3
Lee Baltazar to second
Batting: LHB Liam Moore 0-0: Ball
1-0: Ball
2-0: Ground out U3 (Groundball, 34S, EV 88.8 MPH)
Lee Baltazar to third
Batting: LHB Thomas O'Grady 0-0: Called Strike
0-1: Ball
1-1: Called Strike
1-2: Strikes out swinging
Top of the 4th over - 0 runs, 1 hit, 0 errors, 1 left on base; Martinez 2 - Temecula 2
BOTTOM OF THE 4TH
Temecula Udder Tuggers batting - Pitching for Martinez Clippers : RHP Yorkis Peña
Batting: SHB Hugo Fernández 0-0: Called Strike
0-1: Ball
1-1: Foul Ball, location: 7LDF
1-2: Ground out 4-3 (Groundball, 4MD, EV 96.9 MPH)
Batting: LHB Ismael Garufo 0-0: Foul Ball, location: 25F
0-1: Called Strike
0-2: SINGLE (Flyball, 56D, EV 92.5 MPH)
Batting: RHB Melquiades Del Rico 0-0: Ball
1-0: Fielders Choice at 2nd, 6-4 (Groundball, 6, EV 87.5 MPH)
Batting: RHB Javy González 0-0: Called Strike
0-1: Swinging Strike
0-2: Ball
1-2: Fly out, F7 (Flyball, 7LM, EV 88.8 MPH)
Bottom of the 4th over - 0 runs, 1 hit, 0 errors, 1 left on base; Martinez 2 - Temecula 2
TOP OF THE 5TH
Martinez Clippers batting - Pitching for Temecula Udder Tuggers : RHP Woodie Washington
Now at 3B: Adam Brinkman
Batting: LHB Isaiah Lovett 0-0: Ball
1-0: Foul Ball, location: 3FF
1-1: Fly out, F7 (Flyball, 78S, EV 78.1 MPH)
Batting: RHB Jimmy Dressman 0-0: Foul Ball, location: 9LSF
0-1: Called Strike
0-2: Ball
1-2: Fly out, F7 (Flyball, 78S, EV 90.0 MPH)
Batting: LHB Michael Freeman 0-0: Called Strike
0-1: Ball
1-1: Ball
2-1: Ball
3-1: SOLO HOME RUN (Line Drive, 9LD, EV 95.6 MPH), Distance : 376 ft
Batting: LHB Jeremy McCray 0-0: Foul Ball, location: 9LDF
0-1: Called Strike
0-2: Strikes out swinging
Top of the 5th over - 1 run, 1 hit, 0 errors, 0 left on base; Martinez 3 - Temecula 2
BOTTOM OF THE 5TH
Temecula Udder Tuggers batting - Pitching for Martinez Clippers : RHP Yorkis Peña
Batting: LHB Francisco Valdez 0-0: Called Strike
0-1: Ball
1-1: Foul Ball, location: 3F
1-2: Strikes out swinging
Batting: RHB Royce Belcher 0-0: Swinging Strike
0-1: Ball
1-1: Ball
2-1: Ball
3-1: SINGLE (Groundball, 4MD, EV 95.6 MPH)
Pitching: RHP Fabian Hoekstra
Batting: SHB Pete Crader 0-0: Called Strike
0-1: Foul Ball, location: 25F
0-2: Foul Ball, location: 9LSF
0-2: Ball
1-2: Ball
2-2: Ball
3-2: Foul Ball, location: 25F
3-2: Fly out, F7 (Line Drive, 78S, EV 97.5 MPH)
Batting: LHB Micah Chaplin 0-0: Ball
1-0: Ball
Royce Belcher steals 2nd base
2-0: Called Strike
2-1: Ball
3-1: Base on Balls
Batting: LHB Karim Almestica 0-0: Ball
1-0: Ball
2-0: Ball
3-0: Base on Balls
Royce Belcher to third
Micah Chaplin to second
Batting: SHB Hugo Fernández 0-0: Ground out 4-3 (Groundball, 4, EV 80.0 MPH)
Bottom of the 5th over - 0 runs, 1 hit, 0 errors, 3 left on base; Martinez 3 - Temecula 2
TOP OF THE 6TH
Martinez Clippers batting - Pitching for Temecula Udder Tuggers : RHP Woodie Washington
Batting: LHB Eugene Angelis 0-0: Called Strike
0-1: Foul Ball, location: 2F
0-2: Ball
1-2: Foul Ball, location: 5FF
1-2: SOLO HOME RUN (Flyball, 89XD, EV 112.5 MPH), Distance : 458 ft
Batting: RHB Lee Baltazar 0-0: Called Strike
0-1: Ball
1-1: Foul Ball, location: 2F
1-2: Strikes out looking
Batting: SHB Colm Hernandaz 0-0: Swinging Strike
0-1: Fly out, F3 (Popup, 34, EV 72.5 MPH)
Batting: LHB Liam Moore 0-0: Called Strike
0-1: Ball
1-1: Ball
2-1: Ball
3-1: Foul Ball, location: 2F
3-2: Foul Ball, location: 2F
3-2: Foul Ball, location: 7LSF
3-2: Base on Balls
Pitching: RHP Domenico Benavides
Batting: LHB Thomas O'Grady 0-0: Swinging Strike
0-1: Foul Ball, location: 5F
0-2: Strikes out swinging
Top of the 6th over - 1 run, 1 hit, 0 errors, 1 left on base; Martinez 4 - Temecula 2
BOTTOM OF THE 6TH
Temecula Udder Tuggers batting - Pitching for Martinez Clippers : RHP Fabian Hoekstra
Batting: RHB Adam Brinkman 0-0: Ball
1-0: Ball
2-0: Called Strike
2-1: Fly out, F4 (Popup, 34S, EV 85.0 MPH)
Batting: RHB Melquiades Del Rico 0-0: Foul Ball, location: 25F
0-1: Ball
1-1: Ball
2-1: Single, Error in OF, E8, batter to second base (Line Drive, 6D, EV 107.5 MPH)
Batting: RHB Javy González 0-0: Ball
1-0: SINGLE (Line Drive, 78S, EV 103.8 MPH)
Melquiades Del Rico to third
Batting: LHB Francisco Valdez 0-0: Foul Ball, location: 23F
0-1: Foul Ball, location: 2F
0-2: Fielders Choice attempt at home, Runner SAFE. 4-2 (Groundball, 4, EV 89.4 MPH)
Javy González to second
Batting: RHB Royce Belcher 0-0: Swinging Strike
0-1: Called Strike
0-2: Ball
Wild Pitch!
Javy González to third
Francisco Valdez to second
1-2: Hit by Pitch
Pitching: LHP Pedro Benavides
Batting: SHB Pete Crader 0-0: Ball
1-0: Ball
2-0: Called Strike
2-1: Ball
3-1: Base on Balls
Javy González scores
Francisco Valdez to third
Royce Belcher to second
Batting: LHB Micah Chaplin 0-0: Swinging Strike
0-1: Swinging Strike
0-2: Strikes out swinging
Batting: LHB Karim Almestica 0-0: Called Strike
0-1: Foul Ball, location: 2F
0-2: Ball
1-2: Strikes out looking
Bottom of the 6th over - 2 runs, 2 hits, 1 error, 3 left on base; Martinez 4 - Temecula 4
TOP OF THE 7TH
Martinez Clippers batting - Pitching for Temecula Udder Tuggers : RHP Domenico Benavides
Batting: LHB Isaiah Lovett 0-0: Fly out, F9 (Flyball, 89D, EV 85.0 MPH)
Batting: RHB Jimmy Dressman 0-0: Called Strike
0-1: Ball
1-1: Ball
2-1: Ball
3-1: Foul Ball, location: 3DF
3-2: Fly out, F8 (Flyball, 8RM, EV 92.5 MPH)
Pitching: LHP Liam Cormier
Batting: LHB Michael Freeman 0-0: Ball
1-0: Ball
2-0: Foul Ball, location: 25F
2-1: Ball
3-1: Base on Balls
Batting: LHB Jeremy McCray 0-0: Ball
1-0: Ball
2-0: Ball
3-0: Called Strike
3-1: Base on Balls
Michael Freeman to second
Batting: LHB Eugene Angelis 0-0: Called Strike
0-1: Ball
1-1: Swinging Strike
1-2: Ground out 4-3 (Groundball, 4, EV 78.1 MPH)
Top of the 7th over - 0 runs, 0 hits, 0 errors, 2 left on base; Martinez 4 - Temecula 4
BOTTOM OF THE 7TH
Temecula Udder Tuggers batting - Pitching for Martinez Clippers : LHP Pedro Benavides
Batting: SHB Hugo Fernández 0-0: Ball
1-0: Foul Ball, location: 9LSF
1-1: Foul Ball, location: 23FF
1-2: Foul Ball, location: 3F
1-2: Ball
2-2: Foul Ball, location: 3F
2-2: Foul Ball, location: 2F
2-2: Foul Ball, location: 5F
2-2: Ball
3-2: Fly out, F7 (Line Drive, 7, EV 110.6 MPH)
Batting: RHB Adam Brinkman 0-0: Foul Ball, location: 2F
0-1: Called Strike
0-2: Ball
1-2: Ball
2-2: Ground out 4-3 (Groundball, 13, EV 85.0 MPH)
Batting: RHB Melquiades Del Rico 0-0: Ball
1-0: Swinging Strike
1-1: Foul Ball, location: 2RF
1-2: Ball
2-2: Ball
3-2: Base on Balls
Pitching: RHP Edward Walker
Batting: RHB Javy González 0-0: Called Strike
0-1: Swinging Strike
0-2: Ball
1-2: Foul Ball, location: 2F
1-2: SINGLE (Groundball, 6MD, EV 108.8 MPH)
Melquiades Del Rico to second
Runner from 2nd tries for 3rd, OUT! 8-5
Bottom of the 7th over - 0 runs, 1 hit, 0 errors, 1 left on base; Martinez 4 - Temecula 4
TOP OF THE 8TH
Martinez Clippers batting - Pitching for Temecula Udder Tuggers : LHP Liam Cormier
Pitching: RHP Monty Lockhart
Batting: RHB Lee Baltazar 0-0: Ball
1-0: Swinging Strike
1-1: Ball
2-1: Foul Ball, location: 23F
2-2: SINGLE (Line Drive, 4D, EV 110.6 MPH)
Batting: SHB Colm Hernandaz 0-0: Bunt missed!
0-1: Sac Bunt to P - play at second, runner OUT! 1-6
Batting: LHB Liam Moore 0-0: Ground out 5-3 (Groundball, 5, EV 76.9 MPH)
Colm Hernandaz to second
Pitching: LHP Jo Rodriguez
Batting: LHB Thomas O'Grady 0-0: Called Strike
0-1: Ball
1-1: Ground out 6-3 (Groundball, 6, EV 81.9 MPH)
Top of the 8th over - 0 runs, 1 hit, 0 errors, 1 left on base; Martinez 4 - Temecula 4
BOTTOM OF THE 8TH
Temecula Udder Tuggers batting - Pitching for Martinez Clippers : RHP Edward Walker
Batting: LHB Francisco Valdez 0-0: Ball
1-0: Called Strike
1-1: Fly out, F9 (Flyball, 89S, EV 88.8 MPH)
Batting: RHB Royce Belcher 0-0: Called Strike
0-1: Called Strike
0-2: Ball
1-2: Ground out 4-3 (Groundball, 4S, EV 88.1 MPH)
Batting: SHB Pete Crader 0-0: Ball
1-0: Called Strike
1-1: Fly out, F6 (Line Drive, 6, EV 63.1 MPH)
Bottom of the 8th over - 0 runs, 0 hits, 0 errors, 0 left on base; Martinez 4 - Temecula 4
TOP OF THE 9TH
Martinez Clippers batting - Pitching for Temecula Udder Tuggers : LHP Jo Rodriguez
Batting: LHB Isaiah Lovett 0-0: Swinging Strike
0-1: Ball
1-1: Foul Ball, location: 5FF
1-2: Ball
2-2: Ball
3-2: Foul Ball, location: 5SF
3-2: Base on Balls
Pitching: RHP Sean Kuhar
Batting: RHB Jimmy Dressman 0-0: Ball
1-0: Fielders Choice at 2nd, 4-6 (Groundball, 4, EV 108.1 MPH)
Batting: LHB Michael Freeman 0-0: Called Strike
0-1: Called Strike
0-2: Ball
1-2: Ball
2-2: Ball
3-2: SINGLE (Groundball, 4D, EV 101.9 MPH) (infield hit)
Jimmy Dressman to second
Batting: LHB Jeremy McCray 0-0: Ball
1-0: Ball
2-0: Called Strike
2-1: Ball
3-1: Foul Ball, location: 7LDF
3-2: Foul Ball, location: 25FF
3-2: Fly out, F8 (Flyball, 8RXD, EV 92.5 MPH)
Runner from 2nd tags up, SAFE at 3rd, no throw by CF
Batting: LHB Eugene Angelis 0-0: Called Strike
0-1: Ball
1-1: SINGLE (Groundball, 4MD, EV 98.8 MPH)
Jimmy Dressman scores
Michael Freeman to second
Runner from 2nd tries for 3rd, SAFE, throw by CF made to third
Batting: RHB Lee Baltazar 0-0: Ball
1-0: Swinging Strike
1-1: Foul Ball, location: 23F
1-2: Strikes out swinging
Top of the 9th over - 1 run, 2 hits, 0 errors, 2 left on base; Martinez 5 - Temecula 4
BOTTOM OF THE 9TH
Temecula Udder Tuggers batting - Pitching for Martinez Clippers : RHP Edward Walker
Pitching: RHP Christopher New
Now at 1B: Sean Rocha
Now in LF: Jeremy McCray
Batting: LHB Micah Chaplin 0-0: Called Strike
0-1: Ball
1-1: Foul Ball, location: 2F
1-2: Foul Ball, location: 7LMF
1-2: Foul Ball, location: 2F
1-2: Ball
2-2: Ground out 6-3 (Groundball, 6, EV 85.6 MPH)
Batting: LHB Karim Almestica 0-0: Ball
1-0: Ball
2-0: Ball
3-0: Foul Ball, location: 5DF
3-1: Base on Balls
Batting: SHB Hugo Fernández 0-0: Ball
1-0: Ball
2-0: Foul Ball, location: 7LDF
2-1: Called Strike
2-2: Foul Ball, location: 3DF
2-2: DOUBLE (Line Drive, 7LS, EV 93.8 MPH)
Karim Almestica to third
Pinch Hitting: LHB Juan Landa 0-0: Called Strike
0-1: Foul Ball, location: 9LMF
0-2: Foul Ball, location: 7LSF
0-2: Ground out 6-3 (Groundball, 6MS, EV 66.9 MPH)
Pinch Hitting: LHB Antonio Blanco 0-0: Intentional Walk
Batting: RHB Javy González 0-0: Ball
1-0: Fly out, F7 (Flyball, 78M, EV 78.8 MPH)
Bottom of the 9th over - 0 runs, 1 hit, 0 errors, 3 left on base; Martinez 5 - Temecula 4
Monday, April 22nd , 2024 - OOTP Baseball 24.11 Build 85